 Dungeon Crawl Stone Soup version 0.23.0-3-gf3c87f2 (webtiles) character file.

Game seed: 15900857595238822253

646 vladvlad the Caller (level 7, -1/50 HPs)
             Began as a Green Draconian Summoner on Feb 23, 2019.
             Slain by a vampire (10 damage)
             ... on level 6 of the Dungeon on Feb 24, 2019.
             The game lasted 01:34:07 (6781 turns).

vladvlad the Caller (Green Draconian Summoner)      Turns: 6781, Time: 01:34:07

Health: -1/50      AC:  6    Str: 17    XL:     7   Next: 27%
Magic:  3/15       EV: 12    Int: 17    God:
Gold:   205        SH:  4    Dex: 15    Spells: 8/16 levels left

rFire    . . .     SeeInvis +   w - +9 spear of Anxiety {pierce, Dex+4 SInv}
rCold    . . .     Gourm    .   (no shield)
rNeg     . . .     Faith    .   (armour unavailable)
rPois    +         Spirit   .   (helmet restricted)
rElec    .         Reflect  +   (no cloak)
rCorr    .         Harm     .   (no gloves)
MR       +....                  (no boots)
Stlth    ++........             g - +4 amulet of reflection
HPRegen  0.16/turn              h - +6 ring of strength
MPRegen  0.14/turn              i - ring of protection from magic

@: no status effects
A: breathe noxious fumes, unfitting armour, poison resistance, cold-blooded, AC
+6
a: Breathe Noxious Fumes


You were on level 6 of the Dungeon.
You were not hungry.

You visited 2 branches of the dungeon, and saw 7 of its levels.

You collected 205 gold pieces.

Inventory:

Hand Weapons
 e - a +2 vampiric dagger
 p - a +0 spear
 w - the +9 spear of Anxiety (weapon) {pierce, Dex+4 SInv}
   (You found it on level 5 of the Dungeon)

   It inflicts extra damage upon your enemies.
   It affects your dexterity (+4).
   It lets you see invisible.
Armour
 x - a +1 naga barding
Jewellery
 g - a +4 amulet of reflection (around neck)
 h - a +6 ring of strength (left hand)
 i - a ring of protection from magic (right hand)
Wands
 l - a wand of acid (11)
 v - a wand of paralysis (9)
Scrolls
 a - 4 scrolls of teleportation
 c - 3 scrolls of identify
 d - 2 scrolls of fear {unknown}
 f - a scroll of fog
 j - a scroll of amnesia
 k - a scroll of remove curse {unknown}
 o - a scroll of noise {unknown}
 r - 2 scrolls of magic mapping
 s - a scroll of random uselessness {unknown}
 t - 2 scrolls of enchant armour
Potions
 m - a potion of lignification
 z - a potion of haste
Comestibles
 b - 8 rations


   Skills:
 - Level 1.7 Dodging
 - Level 1.7 Stealth
 + Level 5.4 Spellcasting
 + Level 6.9 Summonings


You had 8 spell levels left.
You knew the following spells:

 Your Spells              Type           Power        Failure   Level  Hunger
a - Summon Guardian Gole  Hex/Summ       ###.....     10%         3    ##.....
b - Call Imp              Summ           ####....     1%          2    #......
c - Call Canine Familiar  Summ           ####....     2%          3    ##.....

Your spell library contained the following spells:

 Spells                   Type           Power        Failure   Level  Hunger
 Summon Small Mammal      Summ           ####         1%          1    None
 Summon Ice Beast         Ice/Summ       ###.....     32%         4    ####...
 Summon Lightning Spire   Summ/Air       ###.....     32%         4    ####...


Dungeon Overview and Level Annotations

Branches:
Dungeon (6/15)             Temple (1/1) D:4

Altars:
Ashenzari
Cheibriados
Dithmenos
Elyvilon
Fedhas
Gozag
Kikubaaqudgha
Nemelex Xobeh
Ru
Sif Muna
Wu Jian
Xom
Zin
The Shining One

Shops:
D:4 }?

Annotations:
D:6 Eustachio


Innate Abilities, Weirdness & Mutations

You can breathe blasts of noxious fumes.
Your lurid green scales are hard. (AC +6)
You cannot fit into any form of body armour.
Your system is resistant to poisons. (rPois)
You are cold-blooded and may be slowed by cold attacks.


Message History

The vampire is severely damaged.
The vampire hits you.
* * * LOW HITPOINT WARNING * * *
You block the vampire's attack.
You feel much better. The vampire hits you! The vampire bites you!
* * * LOW HITPOINT WARNING * * *
The vampire draws strength from your injuries!
You hit the vampire but do no damage.
The vampire is heavily damaged.
The vampire barely misses you. The vampire closely misses you.
You hit the vampire.
Your tail-slap misses the vampire.
The vampire is severely damaged.
The vampire hits you.
* * * LOW HITPOINT WARNING * * *
The vampire bites you but does no damage.
Casting: Call Imp (safe; 1% risk of failure)
Confirm with . or Enter, or press ? or * to list all spells.
The vampire hits you but does no damage.
The vampire bites you!
You die...

#...>..#ยง# #..<..
#......#.# ####.#
#.##.....# #..
#.##.##### ######
#..#(# #.....
#.#.#######.###.
#...........# #.
####..###########.
#@....(...........
#V##..############
#h##..# #.#<..#
#....># ###.###
#<# ##########.#
.......^.#.#


You could see a vampire (invisible) and a friendly hound.

Vanquished Creatures
  A phantom (D:4)
  A crimson imp (D:6)
  2 hounds (D:5)
  A bullfrog skeleton (D:6)
  A worker ant (D:5)
  A hound skeleton (D:4)
  An adder (D:2)
  A worm (D:3)
  A leopard gecko (D:4)
  An orc (D:3)
  4 bats
  A giant cockroach (D:1)
  3 goblins
  5 jackals (D:1)
  5 kobolds
  3 quokkas
  3 frilled lizards
  4 rats
39 creatures vanquished.

Vanquished Creatures (collateral kills)
  A big kobold (D:6)
  A bullfrog (D:6)
  A jelly (D:6)
  A bullfrog zombie (D:5)
  4 hounds
  3 worker ants
  An orc wizard (D:3)
  A howler monkey zombie (D:6)
  11 gnolls
  6 adders
  A shadow imp (D:5)
  An adder skeleton (D:6)
  A worm (D:3)
  A dart slug (D:1)
  A leopard gecko (D:5)
  4 orcs
  A giant cockroach (D:5)
  4 goblins
  5 hobgoblins
  3 jackals (D:1)
  3 bats (D:1)
  4 frilled lizards
  4 kobolds
  A rat (D:1)
64 creatures vanquished.

Grand Total: 103 creatures vanquished

Notes
Turn   | Place    | Note
-------+----------+-------------------------------------------
     0 | D:1      | vladvlad the Draconian Summoner began the quest for the
                  | Orb.
     0 | D:1      | Reached XP level 1. HP: 14/14 MP: 3/3
   294 | D:1      | Reached XP level 2. HP: 11/20 MP: 1/5
   350 | D:1      | Learned a level 2 spell: Call Imp
  1411 | D:2      | Reached XP level 3. HP: 26/26 MP: 5/7
  1423 | D:2      | Learned a level 3 spell: Call Canine Familiar
  1636 | D:2      | Found a snail-covered altar of Cheibriados.
  2384 | D:3      | Reached XP level 4. HP: 24/33 MP: 6/8
  2601 | D:3      | Reached skill level 5 in Summonings
  2931 | D:3      | Found a shattered altar of Ashenzari.
  3171 | D:3      | Found a white marble altar of Elyvilon.
  3603 | D:3      | Found a deep blue altar of Sif Muna.
  3759 | D:4      | Found Okejav's Gadget Shoppe.
  3787 | D:4      | Reached XP level 5. HP: 38/38 MP: 7/10
  3796 | D:4      | Noticed a phantom
  3861 | D:4      | Killed a phantom
  4063 | D:4      | Found Nigrol's Magic Scroll Shoppe.
  4288 | D:4      | Found a staircase to the Ecumenical Temple.
  4358 | D:4      | Found a sacrificial altar of Ru.
  4411 | Temple   | Entered the Ecumenical Temple
  4918 | D:5      | Entered Level 5 of the Dungeon
  4923 | D:5      | Learned a level 3 spell: Summon Guardian Golem
  4996 | D:5      | Found an ornate altar of the Wu Jian Council.
  5046 | D:5      | Reached XP level 6. HP: 27/45 MP: 8/12
  5336 | D:5      | Reached skill level 6 in Summonings
  5590 | D:5      | Got a steaming spear
  5594 | D:5      | Found a deep blue altar of Sif Muna.
  6077 | D:5      | Identified the +9 spear of Anxiety {pierce, Dex+4 SInv}
                  | (You found it on level 5 of the Dungeon)
  6249 | D:6      | Reached skill level 5 in Spellcasting
  6277 | D:6      | Noticed Eustachio
  6298 | D:6      | Your scales start taking on a lurid green colour.
  6298 | D:6      | Reached XP level 7. HP: 45/50 MP: 9/14
  6298 | D:6      | Gained mutation: Your system is resistant to poisons.
                  | (rPois) [Green Draconian growth]
  6456 | D:6      | Noticed a vampire
  6781 | D:6      | Slain by a vampire

Skill      XL: |  1  2  3  4  5  6 |
---------------+-------------------+-----
Spellcasting   | 3 4 5 |  5.4
Summonings     | 5 6 |  6.9
Dodging        | |  1.7
Stealth        | |  1.7

Action                   |  1- 3 |  4- 6 |  7- 9 || total
-------------------------+-------+-------+-------++-------
Melee: Short sword       |    18 |       |       ||    18
       Unarmed           |   107 |     4 |       ||   111
       Tailslap          |    11 |     5 |     1 ||    17
       Spear             |       |   124 |    26 ||   150
 Cast: Summon Small Mamm |    11 |       |       ||    11
       Call Imp          |    19 |     8 |     4 ||    31
       Call Canine Famil |     1 |    29 |    10 ||    40
       Summon Guardian G |       |     1 |     6 ||     7
Evoke: Wand              |       |       |     1 ||     1
  Use: Scroll            |       |     6 |     1 ||     7
       Potion            |       |     2 |     2 ||     4
 Stab: Sleeping          |     1 |     2 |       ||     3
       Distracted        |       |     1 |       ||     1
  Eat: Chunk             |     6 |    11 |       ||    17
       Ration            |       |     1 |     1 ||     2
Armor: Skin              |    52 |    12 |     5 ||    69
Dodge: Dodged            |   105 |    41 |    14 ||   160
Block: Other             |     5 |    12 |     2 ||    19
       Reflection        |       |     1 |       ||     1
